 Dungeon Crawl Stone Soup version 0.24.1-8-ga250c9d538 (webtiles) character file.

Game seed: 5172677067748419582, levelgen mode: deterministic

245052 Farlane the Bludgeoner (level 19, -2/174 HPs)
             Began as a Hill Orc Fighter on May 1, 2020.
             Was a High Priest of Beogh (penitent).
             Slain by Borgun the orc warlord
             ... wielding a +1 glaive
              (9 damage)
             ... on level 4 of the Vaults on May 5, 2020.
             The game lasted 03:38:24 (38124 turns).

Farlane the Bludgeoner (Hill Orc Fighter)          Turns: 38124, Time: 03:38:25

Health: -2/174     AC: 35    Str: 24    XL:     19   Next: 92%
Magic:  26/26      EV:  9    Int:  7    God:    Beogh [*]
Gold:   835        SH: 17    Dex: 10    Spells: 15/18 levels left

rFire    + + +     SeeInvis +   z - +9 demon whip (pain)
rCold    + . .     Gourm    .   c - +3 shield of Knowledge {rF++ Int-4 Dex+3}
rNeg     + . .     Faith    .   a - +14 chain mail of the Peasants {Int+3}
rPois    +         Spirit   .   A - +2 hat {MR+}
rElec    .         Reflect  .   K - scarf {rC+ rF+}
rCorr    .         Harm     .   U - +4 pair of gloves of Agnosticism {+Inv rC+ Dex-3 SInv}
MR       ++++.                  X - +2 pair of boots
Stlth    ..........             r - amulet of regeneration
HPRegen  0.79/turn              L - ring of fire
MPRegen  0.20/turn              m - ring "Ehorgh" {rPois rN+ MR++ Str-3 Stlth+}

@: no status effects
A: blurry vision 1, deformed body
}: 1/15 runes: barnacled
a: Renounce Religion, Evoke Invisibility


You were on level 4 of the Vaults.
You worshipped Beogh.
Beogh was demanding penance.
You were very hungry.

You visited 5 branches of the dungeon, and saw 32 of its levels.
You visited the Abyss 1 time.

You collected 3567 gold pieces.
You spent 2732 gold pieces at shops.

Inventory:

Hand Weapons
 b - the +8 battleaxe of the Maze {drain, rC- Str+8}
   (You found it on level 4 of the Lair of Beasts)

   A truly terrible weapon, it drains the life of those it strikes.
   It affects your strength (+8).
   It makes you vulnerable to cold.
 h - the +8 whip of Conversion {antimagic, +Rage Str+7}
   (You took it off an orc on level 2 of the Dungeon)

   It reduces the magical energy of the wielder, and disrupts the spells and
   magical abilities of those hit.
   Natural abilities and divine invocations are not affected.
   It affects your strength (+7).
   It lets you go berserk.
 z - a +9 demon whip of pain (weapon)
 M - a +3 spear of piercing
 P - the +11 morningstar of Xoucoq {elec, Dex+4}
   (You acquired it on level 10 of the Dungeon)

   Occasionally, upon striking a foe, it will discharge some electrical energy
   and cause terrible harm.
   It affects your dexterity (+4).
Missiles
 p - 7 boomerangs of dispersal (quivered)
Armour
 a - the +14 chain mail of the Peasants (worn) {Int+3}
   (You bought it in a shop on level 10 of the Dungeon)

   It affects your intelligence (+3).
 c - the +3 shield of Knowledge (worn) {rF++ Int-4 Dex+3}
   (You bought it in a shop on level 4 of the Shoals)

   It affects your intelligence (-4).
   It affects your dexterity (+3).
   It greatly protects you from fire.
 A - a +2 hat of magic resistance (worn)
 J - the +1 chain mail "Woexaf" {-Cast rF- rN+++ MR+++}
   (You acquired it on level 8 of the Dungeon)

   It makes you vulnerable to fire.
   It renders you almost immune to negative energy.
   It affects your resistance to hostile enchantments.
   It prevents spellcasting.
 K - a scarf of resistance (worn)
 U - the +4 pair of gloves of Agnosticism (worn) {+Inv rC+ Dex-3 SInv}
   (You found it on level 12 of the Dungeon)

   It affects your dexterity (-3).
   It protects you from cold.
   It lets you see invisible.
   It lets you turn invisible.
 X - a +2 pair of boots (worn)
Jewellery
 e - an uncursed amulet of magic regeneration
 i - an uncursed ring of positive energy
 m - the ring "Ehorgh" (right hand) {rPois rN+ MR++ Str-3 Stlth+}
   (You found it on level 2 of the Shoals)

   [ring of positive energy]

   It affects your strength (-3).
   It protects you from poison.
   It protects you from negative energy.
   It affects your resistance to hostile enchantments.
   It makes you more stealthy.
 r - an amulet of regeneration (around neck)
 w - an uncursed amulet of faith
 D - an uncursed ring of ice
 E - an uncursed amulet of guardian spirit
 I - a +4 ring of protection
 L - a ring of fire (left hand)
 N - a +4 ring of strength
Wands
 y - a wand of acid (36)
 R - a wand of flame (61)
 W - a wand of iceblast (4)
 Y - a wand of paralysis (26)
Scrolls
 g - 10 scrolls of remove curse
 j - 3 scrolls of fog
 k - 13 scrolls of identify
 n - a scroll of silence
 v - 5 scrolls of enchant weapon
 B - 7 scrolls of teleportation
 C - 4 scrolls of blinking
 F - 5 scrolls of immolation
 G - 8 scrolls of magic mapping
 Q - 7 scrolls of enchant armour
 T - a scroll of amnesia
 V - 5 scrolls of fear
 Z - 2 scrolls of brand weapon
Potions
 d - 3 potions of might
 l - 6 potions of flight
 o - 6 potions of ambrosia
 q - 10 potions of haste
 s - 7 potions of heal wounds
 t - 2 potions of magic
 u - 17 potions of curing
 x - 3 potions of berserk rage
 H - 4 potions of invisibility
 O - a potion of brilliance
 S - a potion of resistance
Comestibles
 f - 44 rations


   Skills:
 - Level 16.7 Fighting
 - Level 4.8(14.2) Axes
 - Level 17.2(17.4) Maces & Flails
 - Level 15.6 Armour
 - Level 0.4 Dodging
 - Level 0.1 Stealth
 - Level 15.8 Shields
 * Level 15.5 Necromancy
 - Level 10.2 Invocations
 - Level 7.8 Evocations


You had 15 spell levels left.
You knew the following spells:

 Your Spells              Type           Power        Failure   Level  Hunger
a - Regeneration          Chrm/Necr      ##........   24%         3    ####...

Your spell library contained the following spells:

 Spells                   Type           Power        Failure   Level  Hunger
 Infusion                 Chrm           #...         88%         1    ##.....
 Sandblast                Erth           #.....       88%         1    ##.....
 Sting                    Conj/Pois      #...         88%         1    ##.....
 Passwall                 Tmut/Erth      #.......     96%         2    ###....
 Poisonous Vapours        Pois/Air       #.....       96%         2    ###....
 Shroud of Golubria       Chrm/Tloc      #.....       96%         2    ###....
 Song of Slaying          Chrm           #.......     96%         2    ###....
 Mephitic Cloud           Conj/Pois/Air  #.......     99%         3    ####...
 Spectral Weapon          Hex/Chrm       #.......     99%         3    ####...
 Static Discharge         Conj/Air       #.......     99%         3    ####...
 Stone Arrow              Conj/Erth      #.....       99%         3    ####...
 Olgreb's Toxic Radiance  Pois           #.......     100%        4    #####..
 Petrify                  Tmut/Erth      #.......     100%        4    #####..
 Lee's Rapid Deconstruct  Erth           #.........   100%        5    ######.
 Lightning Bolt           Conj/Air       #.........   100%        5    ######.
 Venom Bolt               Conj/Pois      #.........   100%        5    ######.
 Ignition                 Fire           #.........   100%        8    #######
 Shatter                  Erth           #.........   100%        9    #######
 Tornado                  Air            #.........   100%        9    #######


Dungeon Overview and Level Annotations

Branches:
Dungeon (15/15)              Lair (6/6) D:10         Shoals (4/4) Lair:2
 Spider (0/4) Lair:3        Slime (0/5) Lair:5          Orc (2/2) D:9
    Elf (0/3) Orc:2        Vaults (5/5) D:14          Crypt (0/3) Vaults:3
 Depths (0/5) D:15
 Temple: D:4-7

Altars:
Cheibriados
Fedhas
Hepliaklqana
Kikubaaqudgha
Okawaru
Qazlal
Sif Muna
Trog
Vehumet
Xom
Yredelemnul
Zin
The Shining One
Beogh
Jiyva

Shops:
D:10 [   D:12 ?[   Orc:1 *   Orc:2 *(!!?   Shoals:3 ?   Shoals:4 [   Vaults:1 *
Vaults:2 :   Vaults:4 %?(


Innate Abilities, Weirdness & Mutations

Scrolls take you a little longer to read.
Armour fits poorly on your strangely shaped body.


Message History

The orc knight hits you from afar with a +0 glaive of protection.
* * * LOW HITPOINT WARNING * * *
Bogfrid is engulfed in blazing flames.
Wulfoc is engulfed in blazing flames.
Ognian is engulfed in blazing flames.
Milork unwields a +1 scimitar.
Milork wields a +0 arbalest.
Milork shoots a bolt.
You block the bolt.
Boruk is engulfed in blazing flames.
You kill Boruk!
That felt strangely unrewarding.
Bogfrid is engulfed in blazing flames.
The orc knight throws a silver boomerang.
The silver boomerang hits you but does no damage.
The silver sears you!
* * * LOW HITPOINT WARNING * * *
The weapon returns to the orc knight!
The orc knight is engulfed in blazing flames.
Ognian unwields a +0 long sword.
Ognian wields a +0 arbalest.
Ognian shoots a bolt.
The bolt completely misses you.
You see here 2 bolts.
Borgun hits you from afar with a +1 glaive!
You die...
Beogh appreciates Borgun's killing of a heretic priest.

#..######.########.#.###.#(###o#
#.o#.#..#.'(.....#.#.#.#.#)#...#
#.o#..#.#.#......#.###.#######)#
#o.#.#.##(#..§§☼('...#...#.(o..#
........#(#.§§§o.#.###o###o###.#
.....####.#.☼§ooo#...#o#[.o..#.#
.<<))))(()#.☼§o.o#.###o###o###.#
.<<.))()(.#[..o..#.#..ooo.o#...#
.....####.#...o.@#.#######.###.#
........#.########.#.#.#.#.#...#
#..#.#.##.# #.#.#.#.#####.#
#..#....#.# #.............#
#..#.#..#.# ###'############
#o)######(# #.......#
()........# #.......#
###(#+##### #.......# .o.)...#
#.......#


You could see Borgun the orc warlord, Wulfoc the orc warlord, 2 orc knights,
Bogfrid the orc knight, Bogward the orc knight, Milork the orc knight and Ognian
the orc knight.

Vanquished Creatures
  Margery (Vaults:2)
  Gastronok (Lair:3)
  A fire giant (D:15)
  A frost giant (Vaults:3)
  A ghost moth (shapeshifter) (Vaults:4)
  A deep elf sorcerer (Vaults:1)
  5 vault wardens
  An entropy weaver (Vaults:4)
  8 ironheart preservers
  4 stone giants
  A vampire knight (Vaults:3)
  An ettin (Vaults:4)
  A merfolk javelineer (Shoals:4)
  Fannar (D:11)
  3 merfolk impalers
  A great orb of eyes (Vaults:3)
  4 ogre magi
  26 vault guards
  2 merfolk avatars (Shoals:4)
  4 hydras
  A rakshasa (Vaults:3)
  2 ice dragons (Vaults:1)
  A catoblepas (Lair:6)
  2 death knights
  4 centaur warriors
  Erica (D:9)
  8 two-headed ogres
  2 orc high priests
  A satyr (Shoals:4)
  A deep troll earth mage (Vaults:1)
  A vampire mage (Vaults:3)
  Sonja (Orc:2)
  2 deep elf knights (Vaults:1)
  2 shadow wraiths
  4 unseen horrors
  6 sea snakes
  2 wizards
  A skeletal warrior (Vaults:2)
  A golden dragon zombie (Vaults:4)
  A flayed ghost (Vaults:3)
  7 deep trolls
  A lindwurm (Lair:6)
  2 deep elf archers (Vaults:4)
  6 ironbrand convokers
  Pikel (D:9)
  3 deep elf magi
  3 wolf spiders
  5 orc knights
  6 harpies
  2 necromancers
  2 phantasmal warriors (Vaults:3)
  4 fauns
  14 ugly things
  2 orc sorcerers
  5 cyclopes
  6 elephants
  A centaur zombie (D:14)
  5 manticores
  Maurice (D:9)
  7 vault sentinels
  2 black mambas (Lair:6)
  5 water nymphs
  6 merfolk sirens
  A stone giant skeleton (Abyss:1)
  11 spiny frogs
  A spectral sea snake (Shoals:2)
  A torpor snail (Lair:5)
  A human zombie (Vaults:4)
  A yaktaur (shapeshifter) (D:15)
  A rime drake (Lair:6)
  A kobold demonologist (D:13)
  A yaktaur zombie (Vaults:4)
  27 yaktaurs
  A komodo dragon (shapeshifter) (Vaults:4)
  7 komodo dragons
  2 freezing wraiths (Vaults:4)
  13 merfolk
  A jumping spider (Vaults:3)
  A queen bee (shapeshifter) (Vaults:3)
  4 trolls
  Grinder (D:4)
  A wind drake (Shoals:4)
  2 hippogriffs
  A raiju (Abyss:1)
  10 slime creatures
  A human simulacrum (Vaults:2)
  2 polar bears (Lair:6)
  2 snapping turtles (Shoals:4)
  7 blink frogs (Lair:6)
  6 dream sheep
  A fire giant simulacrum (Vaults:4)
  A raiju (shapeshifter) (Vaults:4)
  2 centaur simulacra (D:13)
  A tarantella (Vaults:3)
  2 redbacks
  Sigmund (D:4)
  2 vampires
  A wraith (Vaults:3)
  3 wyverns
  3 fire bats (Abyss:1)
  2 water elementals
  17 yaks
  7 vampire mosquitoes
  Edmund (D:4)
  A warg (Vaults:1)
  2 acid dragons
  7 porcupines
  7 water moccasins
  3 small abominations (Abyss:1)
  A necrophage (D:8)
  4 sky beasts
  A slave (D:9)
  8 orc warriors
  A hornet zombie (D:9)
  2 black bears
  A phantom (D:5)
  4 ice beasts
  An eye of draining (shapeshifter) (Vaults:3)
  An eye of draining (D:15)
  14 ogres
  11 wolves
  10 boggarts
  14 centaurs
  4 crocodiles
  The ghost of Rastanax the Skirmisher, an amateur GrFi (D:3)
  4 big kobolds
  9 bullfrogs
  An ogre simulacrum (Vaults:1)
  5 scorpions
  2 killer bees (D:10)
  2 wights (D:14)
  A howler monkey (D:14)
  An electric eel (Lair:6)
  5 crimson imps
  A quasit (D:10)
  7 jellies
  Crazy Yiuf (D:2)
  3 bullfrog skeletons
  5 centaur skeletons
  7 orc priests
  A gnoll shaman (D:5)
  6 hounds
  4 orc wizards
  9 worker ants
  Terence (D:2)
  A bullfrog simulacrum (D:13)
  11 gnolls
  A worker ant zombie (D:6)
  7 adders
  A shadow imp (D:10)
  3 white imps (D:13)
  5 worms
  3 dart slugs
  A leopard gecko (D:9)
  34 orcs
  2 ball pythons (D:2)
  4 giant cockroaches
  4 hobgoblins
  3 iguanas
  11 jackals
  15 kobolds
  A quokka (D:4)
  11 bats
  6 frilled lizards
  9 goblins
  A leopard gecko skeleton (D:4)
  5 rats
  9 fungi
  16 plants
697 creatures vanquished.

Vanquished Creatures (collateral kills)
  Jorgrun (D:12)
  A tentacled monstrosity (Vaults:4)
  A kraken (Shoals:2)
  2 sphinxes
  Polyphemus (Shoals:2)
  2 shadow dragons (Vaults:4)
  A storm dragon (Vaults:4)
  The ghost of Amuaxidi the Fencer, an adept FoCK of Xom (Shoals:2)
  Ilsuiw (Shoals:2)
  Aizul (Shoals:1)
  Louise (D:14)
  5 vault wardens
  3 ironheart preservers
  3 stone giants
  4 very ugly things (Vaults:2)
  An entropy weaver (Vaults:3)
  4 merfolk javelineers
  3 ettins
  A jiangshi (Vaults:3)
  2 merfolk impalers (Shoals:3)
  A great orb of eyes (Vaults:4)
  2 fire dragons
  10 yaktaur captains
  4 hydras
  4 vault guards
  3 ice dragons
  2 death knights
  2 rakshasas (Vaults:3)
  4 merfolk aquamancers
  3 centaur warriors
  2 catoblepae
  2 satyrs (Shoals:4)
  2 ogre magi (Vaults:4)
  A merfolk avatar (Shoals:4)
  2 alligator snapping turtles
  2 deep troll earth magi (Vaults:3)
  8 two-headed ogres
  A tengu warrior (D:14)
  7 death yaks
  2 orc high priests (Orc:2)
  2 deep troll shamans
  4 skeletal warriors
  A spectral merfolk (Shoals:2)
  7 hell knights
  A flayed ghost (Vaults:2)
  6 sea snakes
  A death drake (shapeshifter) (Vaults:4)
  6 deep trolls
  A wizard (Vaults:3)
  3 harpies
  6 deep elf archers
  12 orc knights
  4 deep elf magi
  7 ironbrand convokers
  An orc sorcerer (Orc:1)
  6 wolf spiders
  4 oklob plants (Lair:4)
  17 fauns
  11 manticores
  30 ugly things
  6 cyclopes
  8 elephants
  A salamander (shapeshifter) (Vaults:1)
  A spectral alligator snapping turtle (Shoals:2)
  A centaur zombie (D:15)
  13 vault sentinels
  5 merfolk sirens
  2 black mambas
  A water nymph (Shoals:4)
  Joseph (D:9)
  A rime drake (Lair:5)
  2 kobold demonologists (D:11)
  6 spiny frogs
  3 centaur skeletons
  27 yaktaurs
  3 freezing wraiths
  4 trolls
  2 wind drakes
  21 merfolk
  15 blink frogs
  A spectral manticore (Shoals:2)
  16 slime creatures
  A polar bear (Lair:6)
  A dream sheep (Shoals:4)
  4 hippogriffs
  8 snapping turtles
  A centaur simulacrum (D:13)
  2 redbacks
  A spectral wind drake (Shoals:2)
  25 yaks
  A wyvern (Lair:5)
  3 water elementals
  A wraith (D:14)
  A human (shapeshifter) (Vaults:3)
  A basilisk (shapeshifter) (Vaults:2)
  A steam dragon (D:11)
  5 vampire mosquitoes
  A sea snake simulacrum (Shoals:2)
  2 basilisks
  A merfolk simulacrum (Shoals:2)
  2 acid dragons
  3 wargs
  8 water moccasins
  9 porcupines
  A slave (D:9)
  17 orc warriors
  7 ogres
  An ice beast (D:11)
  13 wolves
  6 crocodiles
  5 centaurs
  2 bullfrogs
  A big kobold (D:10)
  A hornet simulacrum (D:15)
  6 killer bees (D:10)
  An elf simulacrum (Vaults:4)
  A manticore simulacrum (Shoals:2)
  A snapping turtle simulacrum (Shoals:2)
  2 electric eels
  2 wights (D:14)
  3 jellies
  11 orc priests
  3 orc wizards
  A quasit (D:9)
  A wyvern simulacrum (D:13)
  2 hounds
  3 worker ants
  2 adders
  3 white imps (D:13)
  An ufetubus (D:13)
  19 orcs
  5 kobolds
  2 bushes
  26 fungi
  70 plants
674 creatures vanquished.

Vanquished Creatures (others)
  3 orc warlords
  10 orc knights
  2 orc high priests
  2 orc sorcerers
  A harpy (Shoals:4)
  A deep elf mage (Vaults:4)
  19 orc priests
  14 orc warriors
  6 orc wizards
  57 orcs
  8 fungi
  30 plants
  8 starspawn tentacles (Abyss:1)
  4 tentacles (Shoals:2)
165 creatures vanquished.

Grand Total: 1536 creatures vanquished

Notes
Turn   | Place    | Note
-------+----------+-------------------------------------------
     0 | D:1      | Farlane the Hill Orc Fighter began the quest for the Orb.
     0 | D:1      | Reached XP level 1. HP: 19/19 MP: 1/1
   137 | D:1      | Reached XP level 2. HP: 25/27 MP: 2/2
   567 | D:1      | Reached XP level 3. HP: 28/33 MP: 3/3
   912 | D:2      | Noticed Terence
   929 | D:2      | Killed Terence
   988 | D:2      | Found a runed translucent door.
   989 | D:2      | Noticed Crazy Yiuf
  1020 | D:2      | Reached XP level 4. HP: 12/40 MP: 4/4
  1451 | D:2      | Killed Crazy Yiuf
  1451 | D:2      | Reached XP level 5. HP: 20/46 MP: 5/5
  1641 | D:3      | Found a runed translucent gate.
  1641 | D:3      | Found a runed translucent gate.
  1642 | D:3      | Found a runed translucent gate.
  1645 | D:3      | Noticed Rastanax's ghost (amateur GrFi)
  1646 | D:3      | Identified the +8 whip of Conversion {antimagic, +Rage
                  | Str+7}
  1646 | D:3      | Identified the cursed +1 scale mail "Kajuosch" {-Tele rF+
                  | Int+2 Dex+3}
  1648 | D:3      | Found a roughly hewn altar of Beogh.
  2000 | D:3      | Became a worshipper of Beogh the Brigand
  2187 | D:3      | Killed Rastanax's ghost
  2191 | D:3      | Reached XP level 6. HP: 50/53 MP: 2/6
  2339 | D:4      | Reached skill level 1 in Maces & Flails
  2343 | D:4      | Found a shimmering altar of Xom.
  2398 | D:4      | Reached skill level 2 in Maces & Flails
  2425 | D:4      | Found a bloodstained altar of Trog.
  2426 | D:4      | Found a shimmering altar of Xom.
  2426 | D:4      | Found a hazy altar of Hepliaklqana.
  2432 | D:4      | Noticed Edmund
  2460 | D:4      | Killed Edmund
  2460 | D:4      | Reached skill level 5 in Shields
  2460 | D:4      | Reached XP level 7. HP: 31/60 MP: 2/7
  2543 | D:4      | Reached skill level 5 in Armour
  2545 | D:4      | Found the +0 staff of Battle
  2553 | D:4      | Reached * piety under Beogh
  2553 | D:4      | Reached skill level 3 in Maces & Flails
  2698 | D:4      | Noticed Grinder
  2708 | D:4      | Paralysed by Grinder for 6 turns
  2718 | D:4      | Killed Grinder
  2718 | D:4      | Reached skill level 5 in Fighting
  2718 | D:4      | Reached skill level 4 in Maces & Flails
  2793 | D:4      | Noticed Sigmund
  2799 | D:4      | Killed Sigmund
  2799 | D:4      | Reached skill level 1 in Invocations
  2799 | D:4      | Reached XP level 8. HP: 51/68 MP: 2/8
  2867 | D:5      | Entered Level 5 of the Dungeon
  2979 | D:5      | Reached skill level 1 in Evocations
  3121 | D:5      | Reached ** piety under Beogh
  3580 | D:5      | Found a basalt altar of Yredelemnul.
  3602 | D:5      | Found a glowing golden altar of the Shining One.
  3608 | D:5      | Noticed a profane servitor
  3647 | D:5      | Found a radiant altar of Vehumet.
  3661 | D:5      | Found an ancient bone altar of Kikubaaqudgha.
  3662 | D:5      | Found a shimmering blue altar of Sif Muna.
  3676 | D:5      | Identified Sif Muna's Volume of Boosts
  3925 | D:6      | Reached XP level 9. HP: 50/78 MP: 3/11
  4197 | D:6      | Reached skill level 5 in Maces & Flails
  4216 | D:6      | Found a blossoming altar of Fedhas.
  5267 | D:7      | Reached *** piety under Beogh
  5972 | D:8      | Identified a scroll of acquirement
  5973 | D:8      | Got a brightly glowing chain mail
  5984 | D:8      | Identified the +1 chain mail "Woexaf" {-Cast rF- rN+++
                  | MR+++} (You acquired it on level 8 of the Dungeon)
  6638 | D:9      | Reached XP level 10. HP: 82/86 MP: 4/13
  6668 | D:9      | Noticed Pikel
  6676 | D:9      | Killed Pikel
  6723 | D:9      | Reached skill level 6 in Maces & Flails
  6751 | D:9      | Reached skill level 5 in Invocations
  6767 | D:9      | Found a staircase to the Orcish Mines.
  6768 | D:9      | Found a roughly hewn altar of Beogh.
  6885 | D:9      | Noticed Erica
  6910 | D:9      | Killed Erica
  7285 | D:9      | Found a snail-covered altar of Cheibriados.
  7309 | D:9      | Noticed Maurice
  7329 | D:9      | Killed Maurice
  7407 | D:9      | Noticed Joseph
  7416 | D:9      | Killed Joseph
  7580 | D:9      | Reached **** piety under Beogh
  7777 | D:10     | Entered Level 10 of the Dungeon
  7891 | D:10     | Got an iridescent morningstar
  7892 | D:10     | Identified the +11 morningstar of Xoucoq {elec, Dex+4} (You
                  | acquired it on level 10 of the Dungeon)
  8046 | D:10     | You fall into a shaft and drop 1 floor!
  8046 | D:11     | Noticed Fannar
  8046 | D:11     | Noticed a green ugly thing
  8056 | D:11     | Killed Fannar
  8056 | D:11     | Reached XP level 11. HP: 59/97 MP: 6/15
  8058 | D:11     | Killed a green ugly thing
  8259 | D:11     | Noticed a four-headed hydra
  8260 | D:11     | Noticed a red ugly thing
  8268 | D:11     | Killed a five-headed hydra
  8272 | D:11     | Killed a red ugly thing
  8302 | D:11     | Noticed a two-headed ogre
  8310 | D:11     | Killed a two-headed ogre
  8310 | D:11     | Reached skill level 10 in Fighting
  8310 | D:11     | Reached skill level 7 in Maces & Flails
  8472 | D:11     | Reached skill level 10 in Shields
  8472 | D:11     | Reached skill level 5 in Evocations
  8689 | D:11     | Found an iron altar of Okawaru.
  8737 | D:11     | Found a stormy altar of Qazlal.
  8872 | D:12     | Noticed a cyclops
  8881 | D:12     | Killed a cyclops
  8893 | D:12     | Noticed a two-headed ogre
  8897 | D:12     | Killed a two-headed ogre
  8914 | D:12     | Noticed a cyclops
  8922 | D:12     | Killed a cyclops
  8922 | D:12     | Reached skill level 10 in Armour
  8933 | D:12     | Found Ybicvoel's Antique Armour Boutique.
  8974 | D:12     | Noticed Jorgrun
  8980 | D:12     | Killed Jorgrun
  8984 | D:12     | Noticed a two-headed ogre
  8989 | D:12     | Killed a two-headed ogre
  8989 | D:12     | Reached XP level 12. HP: 78/106 MP: 15/17
  9058 | D:12     | Found Cycus's Magic Scroll Shoppe.
  9065 | D:12     | Got a pair of steaming gloves
  9076 | D:12     | Identified the +4 pair of gloves of Agnosticism {+Inv rC+
                  | Dex-3 SInv} (You found it on level 12 of the Dungeon)
  9417 | D:13     | Reached ***** piety under Beogh
  9421 | D:13     | Gained Borgun as an ally
  9694 | D:10     | Found a staircase to the Lair.
  9814 | D:10     | Found Itioron's Armour Emporium.
  9815 | D:10     | Gained Zorug as an ally
  9933 | D:10     | Noticed a three-headed hydra
  9939 | D:10     | Killed a three-headed hydra
 10332 | Lair:1   | Entered Level 1 of the Lair of Beasts
 10416 | Lair:1   | Reached skill level 8 in Maces & Flails
 10475 | Lair:1   | Found a glowing silver altar of Zin.
 11285 | Lair:2   | Found a staircase to the Shoals.
 11525 | Lair:2   | Gained Murdo as an ally
 12200 | Lair:3   | Gained Brunolf as an ally
 12274 | Lair:3   | Your ally Murdo died
 12283 | Lair:3   | Noticed Gastronok
 12288 | Lair:3   | Killed Gastronok
 12288 | Lair:3   | Reached XP level 13. HP: 110/116 MP: 17/19
 12636 | Lair:3   | Found a hole to the Spider Nest.
 13452 | Lair:4   | Reached ****** piety under Beogh
 14286 | Orc:1    | Entered Level 1 of the Orcish Mines
 14304 | Orc:1    | Reached skill level 9 in Maces & Flails
 15261 | Lair:5   | Found a staircase to the Slime Pits.
 15261 | Lair:5   | Found a viscous altar of Jiyva.
 15300 | Lair:5   | Gained Korbok as an ally
 15743 | Lair:5   | Found a runed translucent door.
 16222 | Lair:5   | Gained Jorge as an ally
 16278 | Lair:6   | Entered Level 6 of the Lair of Beasts
 16688 | Lair:6   | Reached XP level 14. HP: 112/127 MP: 19/21
 17087 | Lair:6   | Got a pair of dazzling gloves
 17098 | Lair:6   | Identified the cursed -2 pair of gloves of Toogem {rF+}
                  | (You found it on level 6 of the Lair of Beasts)
 17126 | Lair:6   | Reached skill level 10 in Invocations
 18218 | Lair:4   | Got a jewelled battleaxe
 18224 | Lair:4   | Identified the +8 battleaxe of the Maze {drain, rC- Str+8}
                  | (You found it on level 4 of the Lair of Beasts)
 18469 | Orc:2    | Entered Level 2 of the Orcish Mines
 18575 | Orc:1    | Found Sosus's Assorted Antiques.
 19334 | Shoals:1 | Entered Level 1 of the Shoals
 19360 | Shoals:1 | Found a runed translucent door.
 19558 | Shoals:1 | Reached skill level 10 in Maces & Flails
 19570 | Shoals:1 | HP: 5/128 [merfolk javelineer/javelin (12)]
 20756 | Shoals:2 | Noticed Aizul
 20767 | Shoals:1 | Killed Aizul
 21167 | Shoals:2 | Noticed Ilsuiw
 21183 | Shoals:2 | Killed Ilsuiw
 21185 | Shoals:2 | Gained Wulfoc as an ally
 21707 | Shoals:2 | Reached skill level 11 in Maces & Flails
 22007 | Shoals:2 | Noticed Polyphemus
 22014 | Shoals:2 | Gained Bladwarg as an ally
 22017 | Shoals:2 | Killed Polyphemus
 22017 | Shoals:2 | Reached XP level 15. HP: 105/139 MP: 17/22
 22379 | Shoals:2 | Found a runed translucent gate.
 22379 | Shoals:2 | Found a runed translucent gate.
 22379 | Shoals:2 | Found a runed translucent gate.
 22379 | Shoals:2 | Noticed Amuaxidi's ghost (adept FoCK)
 22418 | Shoals:2 | Noticed a kraken
 22427 | Shoals:2 | Your ally Brunolf died
 22433 | Shoals:2 | Killed a kraken
 22680 | Shoals:2 | Your ally Zorug died
 22694 | Shoals:2 | Killed Amuaxidi's ghost
 22706 | Shoals:2 | Got a fine lapis lazuli ring
 22716 | Shoals:2 | Got a pair of bloodstained gloves
 22727 | Shoals:2 | Identified the +0 pair of gloves "Gink" {-Tele rPois Int+3
                  | SInv} (You acquired it on level 2 of the Shoals)
 23526 | Shoals:3 | Found Zefev's Magic Scroll Shop.
 23534 | Shoals:3 | Reached skill level 12 in Maces & Flails
 24093 | Shoals:4 | Entered Level 4 of the Shoals
 24667 | Shoals:3 | Identified the ring "Ehorgh" {rPois rN+ MR++ Str-3 Stlth+}
                  | (You found it on level 2 of the Shoals)
 24928 | D:10     | Bought the +14 chain mail of the Peasants {Int+3} for 1229
                  | gold pieces
 24928 | D:10     | Bought a +0 pair of boots for 63 gold pieces
 25122 | Shoals:4 | Your ally Korbok died
 25501 | Shoals:3 | Reached skill level 15 in Fighting
 25691 | Shoals:4 | Your ally Jorge died
 25700 | Shoals:4 | Your ally Borgun died
 25771 | Shoals:4 | Got a barnacled rune of Zot
 25835 | Shoals:4 | Reached skill level 13 in Maces & Flails
 25897 | Shoals:4 | Your ally Zorug died
 25939 | Shoals:4 | Reached XP level 16. HP: 147/149 MP: 23/23
 26528 | Shoals:4 | Found Saquf's Antique Armour Shop.
 26540 | Shoals:4 | Bought a pair of runed boots for 247 gold pieces
 26540 | Shoals:4 | Bought a brightly glowing shield for 313 gold pieces
 26563 | Shoals:4 | Identified the +3 shield of Knowledge {rF++ Int-4 Dex+3}
                  | (You bought it in a shop on level 4 of the Shoals)
 27010 | D:13     | Found a viscous altar of Jiyva.
 27672 | D:14     | Found a gate to the Vaults.
 27958 | D:14     | Noticed Louise
 27966 | D:14     | Killed Louise
 28154 | D:14     | Reached skill level 14 in Maces & Flails
 28316 | D:15     | Entered Level 15 of the Dungeon
 28693 | Orc:2    | Found a staircase to the Elven Halls.
 28885 | Orc:2    | Noticed Sonja
 28890 | Orc:2    | Killed Sonja
 28980 | Orc:2    | Gained Milork as an ally
 29355 | Orc:2    | Found Cyrotez's Distillery.
 29355 | Orc:2    | Found Dosar's Antique Weapon Shop.
 29356 | Orc:2    | Found Deodd's Magic Scroll Shop.
 29356 | Orc:2    | Found Toacs's Distillery.
 29852 | D:15     | Reached skill level 15 in Shields
 30179 | D:15     | Found a staircase to the Depths.
 30397 | Vaults:1 | Entered Level 1 of the Vaults
 30416 | Vaults:1 | Reached skill level 15 in Armour
 30865 | Vaults:1 | Reached skill level 15 in Maces & Flails
 30865 | Vaults:1 | Reached XP level 17. HP: 152/158 MP: 22/24
 31071 | Vaults:1 | Found Opant's General Store.
 31324 | Vaults:1 | Gained Margrim as an ally
 31601 | Vaults:1 | Gained Bogfrid as an ally
 32107 | Vaults:2 | Your ally Margrim died
 32398 | Vaults:2 | Reached skill level 16 in Maces & Flails
 32645 | Vaults:2 | Found Juawa's Book Shop.
 32653 | Vaults:2 | Gained Bogward as an ally
 32657 | Vaults:2 | Bought a book of Battle for 880 gold pieces
 32661 | Vaults:2 | Learned a level 3 spell: Regeneration
 32710 | Vaults:2 | Reached skill level 1 in Necromancy
 33201 | Vaults:2 | Noticed Margery
 33215 | Vaults:2 | HP: 3/160 [cyclops/large rock (27)]
 33221 | Vaults:2 | Reached skill level 5 in Necromancy
 33221 | Vaults:2 | Your ally Milork died
 33223 | Vaults:2 | Killed Margery
 33236 | Vaults:2 | Reached XP level 18. HP: 53/168 MP: 3/25
 34033 | Vaults:3 | Gained Boruk as an ally
 34450 | Vaults:3 | Gained Milork as an ally
 34685 | Vaults:3 | Reached skill level 17 in Maces & Flails
 34766 | Vaults:3 | Found a staircase to the Crypt.
 34887 | Vaults:3 | Cast into level 1 of the Abyss (orc)
 34887 | Abyss:1  | Found a corrupted altar of Lugonu.
 34887 | Abyss:1  | Found a corrupted altar of Lugonu.
 34967 | Abyss:1  | Gained Wardok as an ally
 35105 | Abyss:1  | Found a corrupted altar of Lugonu.
 35285 | Abyss:2  | Found a corrupted altar of Lugonu.
 35330 | Abyss:2  | Noticed a profane servitor
 35372 | Abyss:2  | Found a corrupted altar of Lugonu.
 35408 | Abyss:2  | Found a corrupted altar of Lugonu.
 35428 | Vaults:3 | Escaped the Abyss
 35589 | Vaults:3 | Reached skill level 10 in Necromancy
 36625 | Vaults:4 | Found Qyseocri's Magic Scroll Shoppe.
 36714 | Vaults:4 | Reached XP level 19. HP: 174/174 MP: 26/26
 36940 | Vaults:4 | Gained Ognian as an ally
 37012 | Vaults:4 | Found Imecax's Weapon Emporium.
 37112 | Vaults:4 | Gained mutation: Armour fits poorly on your strangely
                  | shaped body. [a neqoxec]
 37116 | Vaults:4 | Gained mutation: Scrolls take you a little longer to read.
                  | [a neqoxec]
 37163 | Vaults:4 | Noticed a tentacled monstrosity
 37174 | Vaults:4 | Your ally Bladwarg died
 37188 | Vaults:4 | Killed a tentacled monstrosity
 37875 | Vaults:4 | Found Favvupuy's Food Emporium.
 38104 | Vaults:5 | Entered Level 5 of the Vaults
 38115 | Vaults:5 | Reached skill level 15 in Necromancy
 38120 | Vaults:4 | Was placed under penance by Beogh
 38122 | Vaults:4 | HP: 6/174 [orc knight/+0 glaive of protection[an orc
                  | knight] (4)]
 38124 | Vaults:4 | Slain by Borgun the orc warlord

Levels and vault maps discovered:
D:1:      minmay_arrival_floating_metal, layout_loops_cross
D:2:      layout_basic, uniq_terence, uniq_crazy_yiuf_cottage
D:3:      layout_rooms, biasface_ghost_orc_armoury, minmay_stone_trees_small
D:4:      layout_rooms, chequers_temple_overflow_statue_of_worship,
          dk_xom_monty_hall, uniq_sigmund, uniq_grinder, uniq_edmund
D:5:      layout_loops_corners, grunt_temple_overflow_holy_war,
          grunt_temple_overflow_magic_moments, first_ration, serial_bayou,
          serial_bayou_pond_e, minmay_misc_feat_rugged
D:6:      layout_basic, minmay_temple_entry_from_below_a, basic_altar
D:7:      layout_basic, roderic_serpentine_path
D:8:      layout_basic
D:9:      layout_roguey, david_orc_5, basic_altar, uniq_maurice, uniq_joseph,
          uniq_pikel, uniq_erica
D:10:     layout_roguey, lair_entry_dummy, serial_shops, shop, hangedman_ranch
          [blue_anna_fruit_fields], eino_jars
D:11:     layout_rooms, basic_altar, grunt_qazlal_sundering, uniq_fannar
D:12:     layout_cave_pools, serial_shops, shop, shop, uniq_jorgrun
D:13:     layout_basic, serial_ice, serial_ice_h, serial_ice_m, serial_ice_i,
          serial_ice_n, serial_ice_o, serial_ice_c, serial_ice_b, serial_ice_a,
          grunt_decor_resistance, jiyva_altar_1
D:14:     layout_loops_cross, minmay_misc_feat_alley, uniq_louise
D:15:     grunt_enter_depths_giant_problem, layout_rooms, serial_bayou_pond_c,
          minmay_misc_feat_iff
Lair:1:   layout_cave_pods, basic_altar, beast_lair_carwin_6
Lair:2:   layout_cave_pods, elwin_shoals_entry_rocks, grunt_megastairs_1
Lair:3:   layout_long_grid, spider_nest_entry_web_field, uniq_gastronok
Lair:4:   layout_loops_ring, lemuel_fruit_tree, minmay_lair_oklob_chamber,
          infiniplex_staircase_pool
Lair:5:   layout_regular_city, slime_altar_1, pf_torpor_hydra
Lair:6:   grunt_lair_end_beastmaster, layout_regular_city, serial_bayou_ford_a,
          serial_bayou_shore_a
Shoals:1: layout_shoals, lightli_airlock
Shoals:2: layout_shoals, gammafunk_ghost_necromancy, uniq_ilsuiw, uniq_aizul,
          uniq_polyphemus
Shoals:3: layout_shoals, serial_shops, nicolae_shop_trees
Shoals:4: shoals_end_grunt_garden, layout_shoals, shoals_ilsuiw_ice,
          serial_shops, shop
Orc:1:    layout_diamond_mine, serial_shops, shop
Orc:2:    st_orc_pillars, layout_diamond_mine, uniq_sonja
Vaults:1: vaults_room_grid, vaults_standard_mumra_x,
          hangedman_vaults_restitches, v_rooms_3, vaults_room_pools,
          vaults_room_pools, vaults_room_pool, serial_ice_g,
          layout_vaults_omnigrid, serial_shops, shop_statue
Vaults:2: ontoclasm_vaults_hangar, vaults_mumra_minichess,
          hangedman_vaults_locks, hangedman_vaults_cutoff,
          nicolae_vaults_shelves_hall, vaults_mumra_minichess_inversion,
          vaults_room_door_hall, v_pattern_1, ontoclasm_vaults_tryst,
          grunt_vaults_hallway_long, layout_vaults_big_room, serial_shops,
          shop_fountains, uniq_margery
Vaults:3: minmay_crypt_entry_simple_round, grunt_vaults_trifunnel,
          nicolae_vaults_angled_halls, v_misc_14, vaults_room_fancy_cross,
          nicolae_vaults_little_squares_2, nicolae_vaults_circle_grid_b,
          v_misc_2, vaults_mumra_hex, vaults_dpeg_hooks,
          nicolae_vaults_yaktaur_gun_rack, nicolae_vaults_border_crossing,
          ontoclasm_vaults_chip, layout_vaults_ring
Vaults:4: v_misc_4, nicolae_vaults_network_square, nicolae_vaults_minivaults,
          v_pattern_3, v_misc_26, ontoclasm_vaults_shuriken,
          ontoclasm_vaults_twist, v_misc_3, hangedman_vaults_slither,
          ontoclasm_vaults_ring_large, grunt_vaults_hallway_long,
          layout_vaults_omnibox, serial_shops, shop_fountains, shop,
          nicolae_shop_behind_doors
Vaults:5: uniq_saint_roka

Skill      XL: |  1  2  3  4  5  6  7  8  9 10 11 12 13 14 15 16 17 18 19 |
---------------+----------------------------------------------------------+-----
Axes           | 3 4 |  4.8
Fighting       | 4 5 6 8 9 10 12 13 14 15 16 | 16.7
Armour         | 4 5 6 7 9 10 11 12 13 14 15 | 15.6
Shields        | 4 5 6 7 8 9 10 11 12 13 14 15 | 15.8
Maces & Flails | 2 4 5 6 7 8 9 11 13 15 16 17 | 17.2
Invocations    | 1 2 4 6 7 8 9 10 | 10.2
Evocations     | 2 3 4 5 6 7 |  7.8
Necromancy     | 5 11 15 | 15.5
Dodging        | |  0.4
Stealth        | |  0.1

Action                   |  1- 3 |  4- 6 |  7- 9 | 10-12 | 13-15 | 16-18 | 19-21 || total
-------------------------+-------+-------+-------+-------+-------+-------+-------++-------
Melee: War axe           |   112 |   124 |       |       |       |       |       ||   236
       Whip              |       |    68 |   358 |   142 |       |   110 |       ||   678
       Morningstar       |       |       |       |   237 |   677 |   653 |       ||  1567
       Demon whip        |       |       |       |       |     4 |   351 |   229 ||   584
Throw: Boomerang         |       |       |       |       |     6 |       |       ||     6
Invok: Recall Orcish Fol |       |       |       |     5 |    33 |    17 |     4 ||    59
       Give Item to Name |       |       |       |       |     4 |     2 |       ||     6
       Stop Recall       |       |       |       |       |     3 |     1 |       ||     4
       Smiting           |       |       |       |       |     3 |     2 |       ||     5
       Resurrection      |       |       |       |       |     2 |       |       ||     2
 Abil: Evoke Invisibilit |       |       |       |       |     1 |       |       ||     1
  Use: Scroll            |       |     9 |     6 |    13 |    12 |    11 |     1 ||    52
       Potion            |       |       |       |       |     1 |     3 |       ||     4
 Stab: Distracted        |       |       |       |     2 |     2 |     8 |     2 ||    14
  Eat: Chunk             |     1 |     3 |    14 |    18 |    35 |    30 |     4 ||   105
       Ration            |       |       |       |       |     3 |     1 |       ||     4
Armor: Scale mail        |    54 |       |       |       |       |       |       ||    54
       Chain mail        |     6 |   105 |   118 |   234 |   389 |   512 |   117 ||  1481
Dodge: Dodged            |    52 |    36 |    63 |   113 |   207 |   262 |    68 ||   801
Block: Shield            |    78 |   115 |   195 |   334 |   488 |   919 |   168 ||  2297
